Build Orders - Match 35158623 - cohdb - Company of Heroes 3 Replays
cohdb
Replays
Latest Replays
All Replays
Popular Replays
Top Player Replays
Match Explorer
How It Works
Community
CoH3 Stats
Reddit
Sign in to upload your games and track your stats! →
Sign in with Steam
Match 35158623
Unlisted
Match 35158623
Overview
Messages
Build Orders
End
Construct Infanterie Kompanie
Kettenkrad Recon Vehicle
Selects Mechanized Battlegroup
Grenadier Squad
Grenadier Squad
MG 42 Machine Gun Team
Construct Panzergrenadier Kompanie
Pak 40 Anti-tank Gun Team
251 Medium Carrier
MG 42 Machine Gun Team
MG 42 Bunker
GrW 34 Mortar Team
Forward Retreat Point
Jm200092
Escanor
Oier
Guardian
Officer
Seraph
『👑MayMaya23💕』
WarmHeadGaming.Job
0
0
Comments
sign in to comment!
No comments posted yet!